 Dungeon Crawl Stone Soup version 0.29.0-13-gc9e81de378 (webtiles) character file.

Game seed: 3419222735381718390

1295 robertstho the Poker (level 8, -2/75 HPs)
             Began as a Tengu Berserker on Sept 7, 2022.
             Was a Priest of Trog.
             Slain by a steam dragon (3 damage)
             ... on level 7 of the Dungeon.
             The game lasted 00:06:46 (6963 turns).

robertstho the Poker (Tengu Berserker)              Turns: 6963, Time: 00:06:46

Health: -2/75      AC: 13    Str: 20    XL:     8   Next: 56%
Magic:  9/9        EV:  4    Int:  8    God:    Trog [***...]
Gold:   386        SH: 13    Dex: 13    Spells: 7/7 levels left

rFire   . . .      SeeInvis .   a - +1 spear
rCold   . . .      Faith    .   e - +0 tower shield
rNeg    . . .      Spirit   .   f - +0 plate armour
rPois   .          Reflect  .   (helmet restricted)
rElec   .          Harm     .   c - scarf {repulsion}
rCorr   .          Rampage  .   s - +0 pair of gloves
Will    .....                   (boots unavailable)
Stlth   ..........              (no amulet)
HPRegen 0.22/turn               (no ring)
MPRegen 0.11/turn               (no ring)

@: berserking (expiring), lethally poisoned (-2 -> -9), flying quickly and
evasively, repel missiles, very quick
A: beak, talons 3, nimble flight
a: Renounce Religion, Berserk, Trog's Hand


You were on level 7 of the Dungeon.
You worshipped Trog.
Trog was most pleased with you.
You visited 1 branch of the dungeon, and saw 7 of its levels.
You also visited: Ossuary.

You collected 386 gold pieces.

Inventory:

Hand Weapons
 a - a +1 spear (weapon)
Armour
 c - a scarf of repulsion (worn)
 e - a +0 tower shield (worn)
 f - a +0 plate armour (worn)
 s - a +0 pair of gloves (worn)
 x - an orb of light
Wands
 u - a wand of paralysis (11)
Scrolls
 k - 6 scrolls of teleportation
 l - 2 scrolls of immolation
 n - 2 scrolls of enchant weapon
 q - a scroll of magic mapping
 t - 2 scrolls of fog
 v - 2 scrolls of vulnerability
 w - a scroll of blinking
Potions
 b - a potion of haste
 d - 3 potions of curing
 g - 2 potions of invisibility
 h - a potion of lignification {unknown}
 i - 3 potions of might
 m - 3 potions of heal wounds
 o - 4 potions of attraction
 p - a potion of mutation {unknown}


   Skills:
 * Level 5.6 Fighting
 + Level 6.9 Polearms
 + Level 5.4 Armour
 + Level 3.4 Dodging
 + Level 1.2 Stealth
 + Level 4.1 Shields


You had 7 spell levels left.
You didn't know any spells.
Your spell library was empty.

Dungeon Overview and Level Annotations

Branches:
Dungeon (7/15)             Temple (0/1) D:6         Ossuary (visited)

Altars:
Hepliaklqana
Makhleb
Nemelex Xobeh
Ru
Vehumet
Yredelemnul


Innate Abilities, Weirdness & Mutations

You have a beak for a mouth.
You have claws for feet.
Your magical nature lets you fly swiftly and evasively.


Message History

You are too injured to fight recklessly!
You are too injured to fight recklessly!
You are too injured to fight recklessly!
Unknown command.
A red film seems to cover your vision as you go berserk!
You feel yourself moving faster!
You feel mighty!
You are engulfed in a cloud of scalding steam.
The water moccasin is engulfed in a cloud of scalding steam.
The water moccasin bites you.
* * * LOW HITPOINT WARNING * * *
You are poisoned.
The water moccasin poisons you!
You feel a strong urge to attack something.
You feel sick.
The water moccasin bites you but does no damage.
You puncture the steam dragon!
The steam dragon is moderately wounded.
You feel sick.
The steam dragon bites you but does no damage.
You block the steam dragon's attack. You block the water moccasin's attack.
You hit the steam dragon. You claw the steam dragon!
Your peck misses the steam dragon.
The steam dragon is almost dead.
You are engulfed in a cloud of scalding steam.
You feel sick.
The water moccasin bites you but does no damage.
The steam dragon bites you.
* * * LOW HITPOINT WARNING * * *
The steam dragon claws you but does no damage.
Really fly into that cloud of steam? [Y]es or [N]o only, please.
Really fly into that cloud of steam?
Okay, then.
You feel sick.
You feel a strong urge to attack something.
You feel sick. You block the water moccasin's attack.
The steam dragon bites you!
* * * LOW HITPOINT WARNING * * *
The steam dragon claws you.
You die...

#...........##
+......+...........'.
#......#...........##
#......#.........###
#......###########
+...$....
#......#######
#..!DS..§§....
#...@...§.....
#.............
#######.######
...####'## .........#
....[....# ####
.........# #...
...####'## #... ..
#.# #...


You could see a steam dragon and a water moccasin.

Vanquished Creatures
  Prince Ribbit (D:7)
  A wyvern (D:7)
  Menkaure (D:7)
  An ice beast (D:4)
  2 ogres (D:7)
  A centaur (D:7)
  A phantom (D:5)
  An elf zombie (Ossuary)
  A crimson imp (D:5)
  An orc priest (D:4)
  3 hounds
  An iguana (D:7)
  5 mummies
  3 gnolls (D:7)
  6 adders
  A white imp (D:6)
  2 adder zombies (Ossuary)
  3 worms
  2 dart slugs (D:1)
  12 orcs
  3 endoplasms
  4 giant cockroaches
  4 goblins
  6 hobgoblins
  3 jackals (D:3)
  5 kobolds
  4 quokkas
  6 ball pythons
  7 bats
  3 frilled lizards
  A goblin zombie (Ossuary)
  4 hobgoblin zombies (Ossuary)
  4 kobold zombies
  3 orc zombies (D:5)
  3 quokka zombies (Ossuary)
  3 rats
  4 rat zombies (Ossuary)
116 creatures vanquished.

Notes
Turn   | Place    | Note
-------+----------+-------------------------------------------
     0 | D:1      | robertstho the Tengu Berserker began the quest for the Orb.
     0 | D:1      | Reached XP level 1. HP: 14/14 MP: 2/2
   100 | D:1      | Reached XP level 2. HP: 19/19 MP: 3/3
   425 | D:1      | Reached XP level 3. HP: 23/23 MP: 4/4
   777 | D:2      | Found a faded altar of an unknown god.
   873 | D:2      | Reached ** piety under Trog
  1584 | D:3      | Reached XP level 4. HP: 29/29 MP: 5/5
  2085 | D:3      | Reached skill level 4 in Polearms
  2202 | D:3      | Found a basalt altar of Yredelemnul.
  2257 | D:3      | Found a sacrificial altar of Ru.
  2599 | D:4      | Found a hazy altar of Hepliaklqana.
  2620 | D:4      | Reached skill level 1 in Shields
  2658 | D:4      | Gained mutation: Your magical nature lets you fly swiftly
                  | and evasively. [Tengu growth]
  2658 | D:4      | Reached XP level 5. HP: 33/33 MP: 6/6
  2759 | D:4      | Noticed an ice beast
  2768 | D:4      | Killed an ice beast
  2868 | D:4      | Reached XP level 6. HP: 33/38 MP: 7/7
  3295 | D:5      | Entered Level 5 of the Dungeon
  3343 | D:5      | Reached skill level 5 in Polearms
  3441 | D:5      | Found a sand-covered staircase.
  3452 | Ossuary  | Entered an ossuary
  3852 | Ossuary  | Reached *** piety under Trog
  3888 | Ossuary  | Reached XP level 7. HP: 32/44 MP: 8/8
  4879 | D:5      | Found a radiant altar of Vehumet.
  4880 | D:5      | Found a burning altar of Makhleb.
  5402 | D:6      | Found a sparkling altar of Nemelex Xobeh.
  5692 | D:6      | Found a staircase to the Ecumenical Temple.
  6054 | D:7      | Noticed Prince Ribbit
  6055 | D:7      | Noticed Menkaure
  6065 | D:7      | Killed Menkaure
  6066 | D:7      | Reached skill level 5 in Fighting
  6066 | D:7      | Reached skill level 6 in Polearms
  6068 | D:7      | Killed Prince Ribbit
  6069 | D:7      | Reached XP level 8. HP: 40/49 MP: 9/9
  6360 | D:7      | Noticed a wyvern
  6366 | D:7      | Killed a wyvern
  6528 | D:7      | Reached skill level 5 in Armour
  6588 | D:7      | Reached skill level 1 in Stealth
  6963 | D:7      | HP: 1/75 [steam dragon (9)]
  6963 | D:7      | Slain by a steam dragon

Illustrated notes

Levels and vault maps discovered:
D:1:      tarquinn_simple_flora_water_d, layout_basic, minmay_tetromino_i2
D:2:      layout_loops_ring, hellmonk_ecumenical_altar_leap_of_faith,
          dk_noncrumbling_2
D:3:      layout_loops_cross, mainiacjoe_overflow_tiny_flanked,
          nicolae_overflow_crystal_walls
D:4:      layout_rooms, lemuel_crystal_altar
D:5:      layout_gridville, grunt_temple_overflow_lords_of_destruction,
          gup_ossuary_entry_pyramid, minmay_mini_ossuary
D:6:      layout_loops_corners, lemuel_crystal_altar,
          minmay_temple_entry_slanted
D:7:      layout_basic, uniq_prince_ribbit1, uniq_menkaure

Skill      XL: |  1  2  3  4  5  6  7  8 |
---------------+-------------------------+-----
Polearms       | 4 5 6 |  6.9
Armour         | 3 4 5 |  5.4
Shields        | 1 2 3 4 |  4.1
Fighting       | 4 5 |  5.6
Dodging        | 3 |  3.4
Stealth        | 1 |  1.2

Action                   |  1- 3 |  4- 6 |  7- 9 || total
-------------------------+-------+-------+-------++-------
Melee: Spear             |   104 |   170 |   129 ||   403
       Kick              |    16 |    47 |    28 ||    91
       Peck              |    12 |    29 |    19 ||    60
Invok: Berserk           |       |     4 |     4 ||     8
  Use: Scroll            |     5 |     7 |     5 ||    17
 Stab: Sleeping          |     2 |       |       ||     2
       Distracted        |       |       |     1 ||     1
Armor: Animal skin       |     3 |       |       ||     3
       Ring mail         |     6 |       |       ||     6
       Chain mail        |    12 |    57 |    18 ||    87
       Plate armour      |       |       |    14 ||    14
Dodge: Dodged            |    19 |    25 |    13 ||    57
       Repelled          |     1 |       |     1 ||     2
Block: Tower shield      |    37 |    77 |    62 ||   176
